 Dungeon Crawl Stone Soup version 0.28-a0-1235-g7c8fac35f0 (webtiles) character file.

Game seed: 3209557503083308667

105 Lavandula the Ruffian (level 5, -4/37 HPs)
             Began as a Formicid Transmuter on Dec 25, 2021.
             Killed by nerve-wracking pain
             ... invoked by an orc priest
              (11 damage)
             ... on level 3 of the Dungeon.
             The game lasted 00:03:01 (2480 turns).

Lavandula the Ruffian (Formicid Transmuter)         Turns: 2480, Time: 00:03:02

Health: -4/37      AC:  2    Str: 16    XL:     5   Next: 9%
Magic:  2/8        EV: 19    Int: 13    God:
Gold:   108        SH:  0    Dex: 16    Spells: 2/8 levels left

rFire   . . .      SeeInvis .     - Unarmed
rCold   . . .      Faith    .   (shield currently unavailable)
rNeg    . . .      Spirit   .   (armour currently unavailable)
rPois   x          Reflect  .   (helmet unavailable)
rElec   .          Harm     .   (cloak currently unavailable)
rCorr   .          Rampage  .   (gloves currently unavailable)
Will    .....                   (boots currently unavailable)
Stlth   +.........              d - amulet of the acrobat
HPRegen 0.12/turn               (no ring)
MPRegen 0.11/turn               (no ring)

@: spider-form
A: venomous fangs, permanent stasis, dig shafts and tunnels, tiny, (antennae 3),
four strong arms
a: End Transformation


You were on level 3 of the Dungeon.
You were a venomous arachnid creature.
You visited 1 branch of the dungeon, and saw 3 of its levels.

You collected 108 gold pieces.

Inventory:

Missiles
 g - 2 silver boomerangs
Armour
 a - a +0 robe (melded)
Jewellery
 d - an amulet of the acrobat (around neck)
Scrolls
 b - a scroll of teleportation {unknown}
 c - a scroll of identify {unknown}
 i - a scroll of fear {unknown}
Potions
 e - a potion of brilliance {unknown}
 f - a potion of curing {unknown}
 h - a potion of haste {unknown}


   Skills:
 - Level 1.1 Fighting
 - Level 1.7 Dodging
 + Level 4.3 Unarmed Combat
 - Level 2.1 Spellcasting
 - Level 2.1 Transmutations
 - Level 4.0 Poison Magic


You had 2 spell levels left.
You knew the following spells:

 Your Spells              Type           Power      Damage    Failure   Level
a - Beastly Appendage     Tmut           14%        N/A       26%         1
b - Wereblood             Tmut           7%         N/A       34%         2
c - Spider Form           Tmut/Pois      9%         N/A       43%         3

Your spell library contained the following spells:

 Spells                   Type           Power      Damage    Failure   Level
 Gell's Gravitas          Tloc           1%         N/A       78%         3
 Teleport Other           Tloc           1%         N/A       78%         3
 Ice Form                 Ice/Tmut       4%         N/A       95%         4
 Dispersal                Tloc           0%         N/A       100%        6
 Borgnjor's Revivificati  Necr           0%         N/A       100%        8
 Necromutation            Tmut/Necr      2%         N/A       100%        8
 Death's Door             Necr           0%         N/A       100%        9


Dungeon Overview and Level Annotations

Branches:
Dungeon (3/15)

Altars:
Makhleb

Annotations:
D:3 3 runed translucent doors, niknal's ghost, weakling OpTm


Innate Abilities, Weirdness & Mutations

You are a venomous arachnid creature.
You have poisonous fangs.
You are tiny and dextrous.
Your spellcasting is less reliable in this form.
Your armour is entirely melded.
You are incapable of wielding weapons or throwing items.
You cannot be hasted, slowed, berserked, paralysed or teleported.
You can dig through walls and to a lower floor.
((You have a pair of large antennae on your head. (SInv)))
Your four strong arms can wield two-handed weapons with a shield.


Message History

No target in view!
Deactivating autopickup; reactivate with Ctrl-A.
You miss something. Something hits you.
You closely miss something. Something hits you.
You miss something.
You hear some strange, mumbled words.
A puff of flame appears from out of thin air!
The puff of flame hits you.
* * * LOW HITPOINT WARNING * * *
You hit something. Something hits you.
* * * LOW HITPOINT WARNING * * *
You bite something! Something hits you but does no damage.
You hit something.
Reactivating autopickup.
You feel a bit more experienced.
Training target 4.0 for Poison Magic reached!
Your Poison Magic skill increases to level 4!
You need to enable at least one skill for training.
You have reached level 5!
You barely miss the orc. The orc barely misses you.
You hit the orc.
The orc is poisoned.
The orc is moderately wounded.
The orc misses you.
You hit the orc.
You kill the orc!
Your transformation has ended.
Your +0 robe unmelds from your body.
You hit the orc priest.
The orc priest is lightly wounded.
The orc priest invokes the aid of Beogh against you.
Pain shoots through your body!
* * * LOW HITPOINT WARNING * * *
Casting: Spider Form (quite dangerous; 22% risk of failure)
Confirm with . or Enter, or press ? or * to list all spells.
The spell is quite dangerous to miscast (22% risk of failure)!
Continue anyway?
You turn into a venomous arachnid creature.
Your +0 robe melds into your body.
The orc priest invokes the aid of Beogh against you.
Pain shoots through your body!
You die...

###..........##.######..#.#.##..
#......รท...##..######.#.#{# ..
#..........###......#.#.#{# ..
#..........# ######.....#.# ..
##.........# ##.....{#
##.........# ##.#o{##
#<.........# ##########{##
####..........###o#.#.#.#.##
..............##s#.#.#.#.##
####..........############
#..........# ##........##
##......## ########


You could see an orc priest.

Vanquished Creatures
  An orc wizard (D:3)
  An adder (D:3)
  2 worms
  2 dart slugs (D:1)
  6 orcs (D:3)
  An endoplasm (D:2)
  2 giant cockroaches
  5 goblins
  7 hobgoblins
  2 jackals (D:3)
  A quokka (D:1)
  7 ball pythons
  3 bats (D:2)
  4 frilled lizards
  A kobold (D:1)
  6 rats
51 creatures vanquished.

Notes
Turn   | Place    | Note
-------+----------+-------------------------------------------
     0 | D:1      | Lavandula the Formicid Transmuter began the quest for the
                  | Orb.
     0 | D:1      | Reached XP level 1. HP: 15/15 MP: 3/3
   266 | D:1      | Reached XP level 2. HP: 21/21 MP: 3/5
   727 | D:1      | Found a faded altar of an unknown god.
   848 | D:1      | Reached XP level 3. HP: 26/26 MP: 4/6
   851 | D:1      | Learned a level 2 spell: Wereblood
   855 | D:1      | Learned a level 3 spell: Spider Form
  1153 | D:2      | Reached skill level 1 in Poison Magic
  2089 | D:3      | Reached XP level 4. HP: 29/32 MP: 3/7
  2204 | D:3      | Noticed niknal's ghost (weakling OpTm)
  2230 | D:3      | Found a runed translucent gate.
  2230 | D:3      | Found a runed translucent gate.
  2230 | D:3      | Found a runed translucent gate.
  2355 | D:3      | Found a burning altar of Makhleb.
  2476 | D:3      | Reached XP level 5. HP: 10/37 MP: 5/8
  2480 | D:3      | Killed from afar by an orc priest

Illustrated notes

Levels and vault maps discovered:
D:1:      lightli_arrival_lavapool, layout_basic, basic_ecumenical_altar
D:2:      layout_basic, st_stairs_7
D:3:      layout_rooms, nicolae_overflow_hidden_temple, gammafunk_ghost_icy

Skill      XL: |  1  2  3  4 |
---------------+-------------+-----
Unarmed Combat | 4 |  4.3
Poison Magic   | 2 4 |  4.0
Fighting       | |  1.1
Dodging        | |  1.7
Spellcasting   | |  2.1
Transmutations | |  2.1

Action                   |  1- 3 |  4- 6 || total
-------------------------+-------+-------++-------
Melee: Unarmed           |   101 |    37 ||   138
       Kick              |     7 |       ||     7
       Punch             |     2 |       ||     2
 Cast: Beastly Appendage |    10 |       ||    10
       Spider Form       |     2 |     5 ||     7
       Wereblood         |       |     1 ||     1
 Abil: Dig               |       |     1 ||     1
Armor: Robe              |    19 |     2 ||    21
       Skin              |       |     2 ||     2
Dodge: Dodged            |    56 |    25 ||    81

Table legend: (Time is in decaauts)
 A = Elapsed time spent in this place.
 B = Non-inter-level travel time spent in this place.
 C = Inter-level travel time spent in this place.
 D = Time resting spent in this place.
 E = Time spent auto-exploring this place.
 F = Levels seen in this place.
 G = Mean time per level.
                   A        B        C        D        E       F      G
               +--------+--------+--------+--------+--------+-----+--------+
         Total |   2472 |   2443 |     29 |      2 |   2062 |   3 |  824.0 |
       Dungeon |   2472 |   2443 |     29 |      2 |   2062 |   3 |  824.0 |
               +--------+--------+--------+--------+--------+-----+--------+

Top non-repeatable levels by time:
     D:1: 1147 daAuts
     D:2: 878 daAuts
     D:3: 446 daAuts
